 Dungeon Crawl Stone Soup version 0.26.0-10-g1f06aea511 (webtiles) character file.

Game seed: 13454437955837702066

58 raph the Magician (level 4, -1/24 HPs)
             Began as a Tengu Hedge Wizard on Feb 3, 2021.
             Slain by a centaur zombie (6 damage)
             ... on level 2 of the Dungeon.
             The game lasted 00:03:23 (2643 turns).

raph the Magician (Tengu Hedge Wizard)              Turns: 2643, Time: 00:03:24

Health: -1/24      AC:  2    Str: 10    XL:     4   Next: 2%
Magic:  0/9        EV: 13    Int: 15    God:
Gold:   91         SH:  0    Dex: 14    Spells: 2/9 levels left

rFire    . . .     SeeInvis .   a - +0 dagger
rCold    . . .     Faith    .   (no shield)
rNeg     . . .     Spirit   .   b - +0 robe
rPois    .         Reflect  .   c - +0 hat
rElec    .         Harm     .   (no cloak)
rCorr    .         Rampage  .   (no gloves)
Will     .....                  (boots unavailable)
Stlth    ++........             (no amulet)
HPRegen  0.08/turn              (no ring)
MPRegen  0.11/turn              (no ring)

@: no status effects
A: beak, talons 3
a: no special abilities


You were on level 2 of the Dungeon.
You visited 1 branch of the dungeon, and saw 2 of its levels.

You collected 91 gold pieces.

Inventory:

Hand Weapons
 a - a +0 dagger (weapon)
Armour
 b - a +0 robe (worn)
 c - a +0 hat (worn)
Scrolls
 d - 4 scrolls of identify {unknown}
 e - a scroll of enchant weapon {unknown}
 f - a scroll of immolation {unknown}
 i - a scroll of blinking {unknown}
Potions
 g - a potion of curing {unknown}
 h - a potion of lignification {unknown}
 j - a potion of cancellation {unknown}


   Skills:
 + Level 2.5 Dodging
 + Level 2.3 Stealth
 + Level 3.2 Spellcasting
 * Level 2.9 Conjurations
 * Level 2.0 Summonings
 + Level 1.2 Translocations


You had 2 spell levels left.
You knew the following spells:

 Your Spells              Type           Power        Failure   Level
a - Magic Dart            Conj           44%          6%          1
b - Call Imp              Summ           8%           13%         2
c - Blink                 Tloc           N/A          19%         2
d - Slow                  Hex            2%           30%         2

Your spell library contained the following spells:

 Spells                   Type           Power        Failure   Level
 Conjure Flame            Conj/Fire      6%           32%         3
 Mephitic Cloud           Conj/Pois/Air  5%           36%         3


Dungeon Overview and Level Annotations

Branches:
Dungeon (2/15)

Altars:
Elyvilon
Fedhas
Ru


Innate Abilities, Weirdness & Mutations

You have a beak for a mouth.
You have claws for feet.


Message History

Your white imp gestures at the gnoll.
The puff of frost hits the gnoll.
The gnoll dies!
You have reached level 4!
You feel agile.
Casting: Call Imp (safe; 13% risk of failure)
Confirm with . or Enter, or press ? or * to list all spells.
A beastly little devil appears in a puff of frigid air.
The centaur zombie barely misses you.
Your white imp gestures at the centaur zombie.
The puff of frost hits the centaur zombie.
The centaur zombie resists.
You swap places.
Your white imp gestures at the centaur zombie.
The puff of frost hits the centaur zombie.
The centaur zombie resists.
Your white imp gestures at the centaur zombie.
The puff of frost hits the centaur zombie.
The centaur zombie resists.
The centaur zombie hits you.
You die...

#.# #.# #g# #g# ######## #.#
#......# #g# #......# #g#
##################......####.#
........).5....Z@.......'.>..#
..............5.........######
#################.......#
######## #.......# .รท)....#
#.####'## ######.##########.#
#.# #.((g(<......# #.#
#.......(....# #.#
#............# #.#


You could see a centaur zombie and 2 friendly white imps.

Vanquished Creatures
  2 gnolls (D:2)
  A leopard gecko (D:1)
  3 bats
  3 giant cockroaches
  5 goblins
  2 hobgoblins
  4 kobolds
  A quokka (D:2)
  2 frilled lizards
  2 rats
25 creatures vanquished.

Vanquished Creatures (collateral kills)
  An adder (D:2)
  A gnoll (D:2)
  A worm (D:2)
3 creatures vanquished.

Grand Total: 28 creatures vanquished

Notes
Turn   | Place    | Note
-------+----------+-------------------------------------------
     0 | D:1      | raph the Tengu Hedge Wizard began the quest for the Orb.
     0 | D:1      | Reached XP level 1. HP: 10/10 MP: 5/5
   491 | D:1      | Reached skill level 1 in Translocations
   507 | D:1      | Reached XP level 2. HP: 15/15 MP: 4/7
  1224 | D:1      | Learned a level 2 spell: Call Imp
  1227 | D:1      | Learned a level 2 spell: Blink
  1277 | D:2      | Found a sacrificial altar of Ru.
  1315 | D:2      | Found a white marble altar of Elyvilon.
  1345 | D:2      | Reached XP level 3. HP: 5/19 MP: 2/8
  2591 | D:1      | Learned a level 2 spell: Slow
  2609 | D:2      | Found a blossoming altar of Fedhas.
  2641 | D:2      | Reached XP level 4. HP: 5/24 MP: 2/9
  2643 | D:2      | Slain by a centaur zombie

Illustrated notes

Levels and vault maps discovered:
D:1:      minmay_arrival_diagonal_passages, layout_basic
D:2:      layout_basic, nicolae_ru_great_annihilating_truth,
          evilmike_ruin_ashenzari, elyvilon_altar_5, overflow_temple_1_default

Skill      XL: |  1  2  3 |
---------------+----------+-----
Translocations | 1 |  1.2
Conjurations   | 2 |  2.9
Summonings     | 2 |  2.0
Dodging        | |  2.5
Stealth        | |  2.3
Spellcasting   | |  3.2

Action                   |  1- 3 |  4- 6 || total
-------------------------+-------+-------++-------
Melee: Dagger            |    46 |       ||    46
       Peck              |     7 |       ||     7
       Kick              |     5 |       ||     5
 Cast: Magic Dart        |    52 |       ||    52
       Call Imp          |     5 |     1 ||     6
       Blink             |     2 |       ||     2
 Stab: Sleeping          |     4 |       ||     4
       Invisible         |     1 |       ||     1
       Paralysed         |     1 |       ||     1
Armor: Robe              |     4 |       ||     4
Dodge: Dodged            |    28 |     1 ||    29
